 Dungeon Crawl Stone Soup version 0.31-a0-978-g1e143483b6 (webtiles) character file.

Game seed: 2139319321721910421

81 LeprechaunX the Changeling (level 4, 0/29 HPs)
             Began as an Octopode Shapeshifter on Oct 30, 2023.
             Shot with a sling bullet by a goblin (5 damage)
             ... led by Robin
             ... on level 3 of the Dungeon.
             The game lasted 00:02:10 (1503 turns).

LeprechaunX the Changeling (Octopode Shapeshifter)  Turns: 1503, Time: 00:02:11

Health: 0/29       AC:  1    Str: 13    XL:     4   Next: 42%
Magic:  4/4        EV: 13    Int: 12    God:
Gold:   98         SH:  0    Dex: 18    Spells: 3/3 levels left

rFire   + . .        q - +4 hand axe of Odorimo {spect, rF+ Dex+5}
rCold   . . .        (no shield)
rNeg    . . .        (helmet currently unavailable)
rPois   .            (no amulet)
rElec   .            (no ring)
rCorr   .            (no ring)
SInv    .            (no ring)
Will    .....        (no ring)
Stlth   +++          (no ring)
HPRegen 0.24/turn    (no ring)
MPRegen 0.09/turn    (no ring)
                     (no ring)

%: no passive effects
@: beast-form
A: beast (slay +2), almost no armour, amphibious, 8 rings, camouflage 1,
gelatinous body 1, (nimble swimmer 1), tentacles
a: Begin Untransformation


You were on level 3 of the Dungeon.
You were a hulking beast.
You visited 1 branch of the dungeon, and saw 3 of its levels.

You collected 98 gold pieces.

Inventory:

Hand Weapons
 m - a +0 sling
 q - the +4 hand axe of Odorimo (weapon) {spect, rF+ Dex+5}
   (You found it on level 3 of the Dungeon)

   Dex+5:     It affects your dexterity (+5).
   rF+:       It protects you from fire.
Jewellery
 k - a ring of flight
Talismans
 b - a beast talisman
 c - a flux talisman
Scrolls
 e - 6 scrolls of identify {unknown}
 f - a scroll of fear {unknown}
 h - a scroll of enchant weapon {unknown}
 i - a scroll of poison {unknown}
 j - 3 scrolls of teleportation {unknown}
 n - a scroll of torment {unknown}
 p - a scroll of enchant armour {unknown}
Potions
 a - a potion of lignification
 d - 4 potions of curing {unknown}
 g - a potion of enlightenment {unknown}
 l - a potion of cancellation {unknown}
 o - a potion of berserk rage {unknown}


   Skills:
 + Level 2.1 Fighting
 - Level 2.0 Dodging
 + Level 3.6 Unarmed Combat
 * Level 4.0 Shapeshifting


You had 3 spell levels left.
You didn't know any spells.
Your spell library contained the following spells:

 Spells                   Type           Power      Damage    Failure   Level
 Foxfire                  Conj/Fire      0%         2x1d4     32%         1
 Plasma Beam              Fire/Air       0%         2x1d10    100%        6
 Starburst                Conj/Fire      0%         6d3       100%        6


Dungeon Overview and Level Annotations

Branches:
Dungeon (3/15)

Altars:
Trog

Shops:
D:1 !

Annotations:
D:3 Grinder, Robin


Innate Abilities, Weirdness & Mutations

You are a hulking beast.
Your limbs bulge with bestial killing power. (Slay +2)
You cannot wear most types of armour.
You are amphibious.
You can wear up to eight rings at the same time.
Your skin changes colour to match your surroundings (Stealth+).
Your rubbery body absorbs attacks. (AC +1, EV +1)
((You are camouflaged when in or above water. (Stealth+)))
You have tentacles for arms and can constrict up to eight enemies at once.


Message History

Your +4 hand axe of Odorimo {spect, rF+ Dex+5} disappears.
Grinder blinks!
Things that are here:
a +0 club; a ring of positive energy You slash the goblin!
You kill the goblin!
The goblin hits you with a +0 dagger.
* * * LOW HITPOINT WARNING * * *
Unknown command.
You barely miss the hobgoblin. You grab the hobgoblin.
You squeeze the hobgoblin.
The hobgoblin is severely wounded.
You slash the goblin!
You kill the goblin!
Your +4 hand axe of Odorimo {spect, rF+ Dex+5} hits the hobgoblin!
You kill the hobgoblin!
Robin roars a battlecry!
The goblin goes into a battle-frenzy!
Your Shapeshifting skill increases to level 4!
Your +4 hand axe of Odorimo {spect, rF+ Dex+5} disappears.
The hobgoblin completely misses you. The goblin attacks as it pursues you!
The goblin hits you with a +0 dagger.
* * * LOW HITPOINT WARNING * * *
You see here a hobgoblin corpse.
Unknown command.
Grinder blinks!
Unknown command.
You closely miss the goblin. Your grab misses the goblin.
You slash the hobgoblin!
You kill the hobgoblin!
Your +4 hand axe of Odorimo {spect, rF+ Dex+5} hits the goblin.
You kill the goblin!
Your +4 hand axe of Odorimo {spect, rF+ Dex+5} closely misses the goblin.
The goblin shoots a sling bullet.
The sling bullet closely misses you.
Your +4 hand axe of Odorimo {spect, rF+ Dex+5} disappears.
An endoplasm comes into view.
The goblin shoots a sling bullet.
The sling bullet hits you.
* * * LOW HITPOINT WARNING * * *
The goblin shoots a sling bullet.
The sling bullet hits you.
You die...

#..##............
#..#.............
##..#.............
########......#.....J....
#.............#..........
#..)..........#..............
#........†...................
#.......<.....##.............
#†##.........h###.......... #
####.####..........g.######.###..
#.......##.....#.....###.........
.........##....#.....gg5)#...g...
..........#....#....##†##).......
...###....#....#....##...........
..##y##...###############........
...###....# ##....... .........##
#.....#.


You could see Grinder, Robin and 2 goblins.

Vanquished Creatures
  2 adders (D:2)
  3 worms
  6 ball pythons
  2 endoplasms
  7 giant cockroaches
  5 hobgoblins
  2 quokkas
  3 bats
  2 frilled lizards (D:2)
  10 goblins
  3 kobolds
  8 rats
53 creatures vanquished.

Notes
Turn   | Place    | Note
-------+----------+-------------------------------------------
     0 | D:1      | LeprechaunX the Octopode Shapeshifter began the quest for
                  | the Orb.
     0 | D:1      | Reached XP level 1. HP: 13/13 MP: 1/1
   180 | D:1      | Reached XP level 2. HP: 14/18 MP: 2/2
   250 | D:1      | Found Qaomivyo's Distillery.
   857 | D:2      | Reached XP level 3. HP: 18/23 MP: 3/3
  1279 | D:2      | Reached XP level 4. HP: 29/29 MP: 4/4
  1374 | D:3      | Noticed a moth of wrath
  1377 | D:3      | Found a bloodstained altar of Trog.
  1418 | D:3      | Identified the +4 hand axe of Odorimo {spect, rF+ Dex+5}
  1483 | D:3      | Noticed Grinder
  1486 | D:3      | Noticed Robin
  1496 | D:3      | Reached skill level 4 in Shapeshifting
  1503 | D:3      | Shot with a sling bullet by a goblin

Illustrated notes

Levels and vault maps discovered:
D:1:      dpeg_arrival_solitude, layout_loops_ring, serial_shops, shop,
          minmay_pentomino_q2
D:2:      minmay_roachtagon, layout_basic, hex_intersection
D:3:      layout_rooms, tgw_trog, corexii_hall_statues_i, uniq_robin,
          uniq_terence, uniq_grinder

Skill      XL: |  1  2  3  4 |
---------------+-------------+-----
Fighting       | 2 |  2.1
Shapeshifting  | 4 |  4.0
Dodging        | |  2.0
Unarmed Combat | |  3.6

Action                     |  1- 3 |  4- 6 || total
---------------------------+-------+-------++-------
  Melee: Unarmed           |    61 |    18 ||    79
         Constrict         |    11 |     8 ||    19
         Tentacles         |    12 |     7 ||    19
         Punch             |     3 |     1 ||     4
         Hand axe          |       |     9 ||     9
   Stab: Sleeping          |     7 |     1 ||     8
 Armour: Skin              |    15 |    10 ||    25
  Dodge: Dodged            |    53 |    17 ||    70

Table legend: (Time is in decaauts)
 A = Elapsed time spent in this place.
 B = Non-inter-level travel time spent in this place.
 C = Inter-level travel time spent in this place.
 D = Time resting spent in this place.
 E = Time spent auto-exploring this place.
 F = Levels seen in this place.
 G = Mean time per level.
                   A        B        C        D        E       F      G
               +--------+--------+--------+--------+--------+-----+--------+
         Total |   1499 |   1448 |     51 |      0 |   1152 |   3 |  499.7 |
       Dungeon |   1499 |   1448 |     51 |      0 |   1152 |   3 |  499.7 |
               +--------+--------+--------+--------+--------+-----+--------+

Top non-repeatable levels by time:
     D:2: 701 daAuts
     D:1: 657 daAuts
     D:3: 140 daAuts
